 Dungeon Crawl Stone Soup version 0.31-a0-188-g5e087ee2ca (webtiles) character file.

Game seed: 16445981288272012824

98 qw the Shooter (level 4, -2/25 HPs)
             Began as a Deep Elf Hunter on June 23, 2023.
             Slain by an orc
             ... wielding a +0 trident
              (4 damage)
             ... on level 3 of the Dungeon.
             The game lasted 00:00:41 (1891 turns).

qw the Shooter (Deep Elf Hunter)                    Turns: 1891, Time: 00:00:41

Health: -2/25      AC:  5    Str: 10    XL:     4   Next: 43%
Magic:  6/6        EV: 11    Int: 14    God:
Gold:   136        SH:  0    Dex: 18    Spells: 3/3 levels left

rFire   . . .        Y - +1 shortbow
rCold   . . .        (shield currently unavailable)
rNeg    . . .        f - +0 ring mail
rPois   .            (no helmet)
rElec   .            (no cloak)
rCorr   .            (no gloves)
SInv    .            (no boots)
Will    .....        h - amulet of faith
Stlth   +            (no ring)
HPRegen 0.24/turn    (no ring)
MPRegen 0.10/turn

%: faith
@: about to teleport
A: no striking features
a: no special abilities


You were on level 3 of the Dungeon.
You visited 1 branch of the dungeon, and saw 3 of its levels.

You collected 136 gold pieces.


   Skills:
 - Level 1.5 Fighting
 + Level 7.9 Ranged Weapons
 - Level 2.4 Dodging
 - Level 1.2 Stealth


You had 3 spell levels left.
You didn't know any spells.
Your spell library was empty.

Inventory:

Hand Weapons
 Y - a +1 shortbow (weapon)
Armour
 f - a +0 ring mail (worn)
Jewellery
 h - an amulet of faith (around neck)
Scrolls
 c - a scroll of enchant armour {unknown}
 d - a scroll of vulnerability {unknown}
 g - 2 scrolls of identify
 k - a scroll of teleportation
Potions
 a - a potion of berserk rage {unknown}
 b - a potion of mutation {unknown}
 i - a potion of might {unknown}
 j - a potion of brilliance {unknown}

Dungeon Overview and Level Annotations

Branches:
Dungeon (3/15)

Altars:

Shops:
D:1 =

Annotations:
D:2 1 runed translucent door, Crazy Yiuf


Message History

An orc priest comes into view. It is wielding a +0 dagger.
Enter note: You shoot an arrow.
The arrow hits the orc priest but does no damage.
You hear a shout! x3
You shoot an arrow.
The arrow closely misses the orc priest.
The orc priest barely misses you.
The orc priest invokes the aid of Beogh against you.
Pain shoots through your body!
You shoot an arrow. The arrow hits the orc priest!
The orc priest is severely wounded.
The orc priest closely misses you.
You shoot an arrow. The arrow hits the orc priest!
You kill the orc priest!
An orc comes into view. It is wielding a +0 short sword.
1886 ||| FLEEEEING.
An orc priest comes into view. It is wielding a +0 flail.
You shoot an arrow.
The arrow completely misses the orc priest.
The arrow hits the orc.
The orc is lightly wounded.
An orc comes into view. It is wielding a +0 trident.
You shoot an arrow.
The arrow closely misses the orc priest.
The orc priest calls down the wrath of Beogh upon you.
Beogh smites you!
You shoot an arrow. The arrow hits the orc priest.
The orc priest is moderately wounded.
The orc priest calls upon Beogh to heal the orc.
The orc's wounds heal themselves!
You shoot an arrow. The arrow hits the orc priest!
The orc priest is almost dead.
The orc priest mumbles some strange prayers to Beogh against you.
Pain shoots through your body! The orc misses you.
1891 ||| READING 2 scrolls of teleportation.
As you read the scroll of teleportation, it crumbles to dust.
You feel strangely unstable.
The orc hits you from afar with a +0 trident.
You die...

## ## #. .## #.#.. #
.o. ###. #o# .#.# #o#
#..# ##@## #..#
#####...### #..#
...........#####..####
######...#...........#
#.........####...#.###
#.........# #.#.....)
#%........# ##.#...###
####...######.#...)#
.....# #.###...#


You could see an orc priest and 2 orcs.

Vanquished Creatures
  An orc priest (D:3)
  An adder (D:3)
  2 dart slugs (D:1)
  6 orcs (D:3)
  5 ball pythons
  5 endoplasms (D:1)
  A giant cockroach (D:1)
  6 goblins
  5 hobgoblins
  A quokka (D:1)
  5 bats (D:1)
  A frilled lizard (D:1)
  3 kobolds
  5 rats
47 creatures vanquished.

Notes
Turn   | Place    | Note
-------+----------+-------------------------------------------
     0 | D:1      | qw the Deep Elf Hunter began the quest for the Orb.
     0 | D:1      | Reached XP level 1. HP: 12/12 MP: 3/3
     0 | D:1      | 0 ||| qw: Version: 0.3-a-9-g12657ce
     0 | D:1      | 0 ||| qw: Game counter: 4411
     0 | D:1      | 0 ||| qw: Always use a shield: true
     0 | D:1      | 0 ||| qw: God list: Okawaru
     0 | D:1      | 0 ||| qw: Allow faded altars: false
     0 | D:1      | 0 ||| qw: Do Orc after D:15 true
     0 | D:1      | 0 ||| qw: Do second Lair branch before Depths: true
     0 | D:1      | 0 ||| qw: Lair rune preference: random
     0 | D:1      | 0 ||| qw: Plans: Normal
     0 | D:1      | 0 ||| PLANNING D:1-11
    96 | D:1      | Found Gagea's Jewellery Emporium.
    99 | D:1      | 99 ||| SHOPLISTING +6 ring of strength (432 gold, have 14).
    99 | D:1      | 99 ||| SHOPLISTING amulet of faith (480 gold, have 14).
    99 | D:1      | 99 ||| SHOPLISTING amulet of the acrobat (360 gold, have
                  | 14).
    99 | D:1      | 99 ||| SHOPLISTING ring of see invisible (180 gold, have
                  | 14).
    99 | D:1      | 99 ||| SHOPLISTING ring of willpower (300 gold, have 14).
   115 | D:1      | Reached XP level 2. HP: 16/16 MP: 4/4
   145 | D:1      | Reached skill level 6 in Ranged Weapons
   534 | D:1      | Reached XP level 3. HP: 20/20 MP: 5/5
   775 | D:1      | 775 ||| UPGRADING to +0 ring mail.
   785 | D:1      | 785 ||| DROPPING +0 leather armour.
   786 | D:1      | 786 ||| UPGRADING to amulet of faith.
   791 | D:1      | 791 ||| READING scroll labelled EQATIGHEMI.
   792 | D:1      | 792 ||| READING 3 scrolls labelled LAYBRAUCIMP.
   793 | D:1      | 793 ||| READING scroll labelled LYFAR NYLI.
   798 | D:1      | 798 ||| READING 2 scrolls of identify.
   798 | D:1      | 798 ||| IDENTIFYING green potion
   799 | D:1      | 799 ||| DROPPING scroll of butterflies.
   800 | D:1      | 800 ||| DROPPING potion of lignification.
  1041 | D:2      | Found a runed translucent door.
  1042 | D:2      | Noticed Crazy Yiuf
  1451 | D:2      | 1451 ||| READING 3 scrolls labelled TISHRA KAV KUMN.
  1452 | D:2      | 1452 ||| READING scroll labelled HAOGIAHIEB.
  1453 | D:2      | 1453 ||| READING scroll labelled ESIGADGH TEYZXA.
  1554 | D:2      | 1554 ||| READING 3 scrolls of identify.
  1554 | D:2      | 1554 ||| IDENTIFYING murky white potion
  1555 | D:2      | 1555 ||| READING 2 scrolls of identify.
  1555 | D:2      | 1555 ||| IDENTIFYING fizzy purple potion
  1556 | D:2      | 1556 ||| DROPPING potion of magic.
  1557 | D:2      | 1557 ||| DROPPING 2 scrolls of fog.
  1558 | D:2      | 1558 ||| DROPPING potion of invisibility.
  1609 | D:3      | Reached skill level 7 in Ranged Weapons
  1848 | D:3      | Reached XP level 4. HP: 25/25 MP: 6/6
  1886 | D:3      | 1886 ||| FLEEEEING.
  1890 | D:3      | HP: 2/25 [orc priest/nerve-wracking pain (12)]
  1891 | D:3      | 1891 ||| READING 2 scrolls of teleportation.
  1891 | D:3      | Slain by an orc

Levels and vault maps discovered:
D:1:      wander_arrival_peaceful_grave, layout_basic, serial_shops,
          nicolae_shop_behind_doors
D:2:      layout_basic, uniq_crazy_yiuf_cottage
D:3:      layout_loops_ring, serial_shops, nicolae_square_shop

Skill      XL: |  1  2  3 |
---------------+----------+-----
Ranged Weapons | 6 7 |  7.9
Fighting       | |  1.5
Dodging        | |  2.4
Stealth        | |  1.2

Action                     |  1- 3 |  4- 6 || total
---------------------------+-------+-------++-------
   Fire: Shortbow          |   106 |     9 ||   115
    Use: Scroll            |     9 |     1 ||    10
 Armour: Leather armour    |     3 |       ||     3
         Ring mail         |     3 |       ||     3
  Dodge: Dodged            |    15 |     3 ||    18

Table legend:
 A = Non-vault XP
 B = Vault XP
 C = Vault XP percentage of total XP
 D = Non-vault monster count
 E = Vault monster count
 F = Vault count percentage of total count
                 A         B        C        D         E       F
            +---------+---------+-------+---------+---------+-------
      Total |     140 |       0 |   0.0 |      47 |       0 |   0.0
            +---------+---------+-------+---------+---------+-------
        D:1 |      46 |       0 |   0.0 |      25 |       0 |   0.0
        D:2 |      16 |       0 |   0.0 |      11 |       0 |   0.0
        D:3 |      78 |       0 |   0.0 |      11 |       0 |   0.0
            +---------+---------+-------+---------+---------+-------
